 Dungeon Crawl Stone Soup version 0.27-a0-1217-g8a41f320e8 (webtiles) character file.

Game seed: 1508471019697912796

287 bande the Shield-Bearer (level 6, -10/38 HPs)
             Began as a Gargoyle Fighter on June 5, 2021.
             Mangled by Crazy Yiuf
             ... wielding a +4 quarterstaff of chaos
              (12 damage)
             ... on level 2 of the Dungeon.
             The game lasted 00:03:34 (2707 turns).

bande the Shield-Bearer (Gargoyle Fighter)          Turns: 2707, Time: 00:03:35

Health: -10/38     AC: 13    Str: 26    XL:     6   Next: 30%
Magic:  4/6        EV:  6    Int:  9    God:
Gold:   89         SH: 10    Dex: 10    Spells: 4/5 levels left

rFire    . . .     SeeInvis .   a - +1 war axe
rCold    . . .     Faith    .   c - +0 kite shield
rNeg     + . .     Spirit   .   i - +0 chain mail
rPois    ∞         Reflect  .   (no helmet)
rElec    +         Harm     .   (no cloak)
rCorr    .         Rampage  .   (no gloves)
Will     .....                  (no boots)
Stlth    ..........             (no amulet)
HPRegen  0.12/turn              f - +6 ring of strength
MPRegen  0.10/turn              (no ring)

@: mighty, brilliant
A: sickness immunity, AC +4, negative energy resistance 1, electricity
resistance, torment resistance 1, petrification resistance
a: no special abilities


You were on level 2 of the Dungeon.
You visited 1 branch of the dungeon, and saw 2 of its levels.

You collected 89 gold pieces.

Inventory:

Hand Weapons
 a - a +1 war axe (weapon)
 b - a +0 flail
Armour
 c - a +0 kite shield (worn)
 i - a +0 chain mail (worn)
Jewellery
 f - a +6 ring of strength (left hand)
Scrolls
 g - a scroll of enchant weapon
 j - a scroll of identify
Potions
 h - a potion of cancellation


   Skills:
 + Level 4.1 Fighting
 + Level 3.6 Axes
 + Level 4.1 Armour
 + Level 0.5 Dodging
 + Level 4.2 Shields
 * Level 2.0 Translocations


You had 4 spell levels left.
You knew the following spells:

 Your Spells              Type           Power      Damage    Failure   Level
a - Apportation           Tloc           10%        N/A       99%         1

Your spell library contained the following spells:

 Spells                   Type           Power      Damage    Failure   Level
 Animate Skeleton         Necr           0%         N/A       100%        1
 Corona                   Hex            0%         N/A       100%        1
 Summon Small Mammal      Summ           0%         N/A       100%        1


Dungeon Overview and Level Annotations

Branches:
Dungeon (2/15)

Altars:

Annotations:
D:2 Crazy Yiuf


Innate Abilities, Weirdness & Mutations

You are immune to sickness and miasma.
Your stone body is resilient. (AC +4)
You are immune to poison.
You resist negative energy. (rN+)
You are resistant to electric shocks. (rElec)
You are resistant to unholy torment.
You are immune to petrification.


Message History

Crazy Yiuf shouts!
Crazy Yiuf cries, "You leg down broken song, no?"
Could not explore, unopened runed door.
You open the door.
Crazy Yiuf says, "Tosser verde pizzabubble!"
You hit Crazy Yiuf.
Crazy Yiuf is lightly wounded.
Crazy Yiuf grits, "Walk ladder song!"
You block Crazy Yiuf's attack. x2
You slash Crazy Yiuf!
Crazy Yiuf is severely wounded.
Crazy Yiuf says, "Key!
Goober seventy arga."
Crazy Yiuf hits you with a +4 quarterstaff of chaos.
Crazy Yiuf freezes you.
You hit Crazy Yiuf.
Crazy Yiuf is almost dead.
Crazy Yiuf hits you with a +4 quarterstaff of chaos.
Crazy Yiuf freezes you.
Crazy Yiuf hits you with a +4 quarterstaff of chaos!
Crazy Yiuf freezes you.
You barely miss Crazy Yiuf.
Crazy Yiuf is almost dead.
Crazy Yiuf drinks a potion.
Crazy Yiuf is healed!
You hit Crazy Yiuf.
Crazy Yiuf is severely wounded.
Crazy Yiuf glowers.
Crazy Yiuf hits you with a +4 quarterstaff of chaos!
* * * LOW HITPOINT WARNING * * *
Crazy Yiuf freezes you.
* * * LOW HITPOINT WARNING * * *
Crazy Yiuf whimpers, "Peeping!
Leather light tortoise."
Crazy Yiuf hits you with a +4 quarterstaff of chaos.
* * * LOW HITPOINT WARNING * * *
You feel your power leaking away.
It was a potion of brilliance.
You feel clever all of a sudden. You block Crazy Yiuf's attack.
You feel very mighty all of a sudden.
Crazy Yiuf hits you with a +4 quarterstaff of chaos!
You die...

#####.##
#.##.##.#
#.# #.# #.#
#.#######
#.# #.#
#.####.# #.#
#.# #......#
#####
#.########.#
#..#####
#)..#
#..........#
#..# #...#
#.##########
#[.# ... #.#
#..# #g# #.#
#[.#####
♣@♣♣ #.#
#......#
♣♣.♣ ###
##.#####
♣.♣♣ #####.#
♣♣.♣ #.....#
♣♣.♣♣
#.#####
♣♣...♣ #.#
♣....♣
############
##.## ##..##
#...........
#...####
##....#
#.....######


You could see Crazy Yiuf.

Vanquished Creatures
  Sigmund (D:2)
  3 gnolls
  4 adders (D:2)
  2 worms (D:2)
  2 dart slugs
  3 ball pythons
  4 endoplasms
  3 giant cockroaches
  7 goblins
  5 hobgoblins
  4 quokkas
  7 bats
  A frilled lizard (D:2)
  2 kobolds
  6 rats
54 creatures vanquished.

Notes
Turn   | Place    | Note
-------+----------+-------------------------------------------
     0 | D:1      | bande the Gargoyle Fighter began the quest for the Orb.
     0 | D:1      | Reached XP level 1. HP: 14/14 MP: 1/1
    61 | D:1      | Found a faded altar of an unknown god.
    71 | D:1      | Reached XP level 2. HP: 8/19 MP: 2/2
   423 | D:1      | Learned a level 1 spell: Apportation
   783 | D:1      | Reached XP level 3. HP: 23/23 MP: 3/3
  1332 | D:2      | Reached XP level 4. HP: 29/29 MP: 4/4
  1970 | D:2      | Reached skill level 1 in Translocations
  1984 | D:2      | Found a runed translucent door.
  1985 | D:2      | Noticed Crazy Yiuf
  2089 | D:2      | Noticed Sigmund
  2095 | D:2      | Killed Sigmund
  2096 | D:2      | Reached XP level 5. HP: 33/33 MP: 5/5
  2096 | D:2      | Reached XP level 6. HP: 38/38 MP: 6/6
  2707 | D:2      | Mangled by Crazy Yiuf

Illustrated notes

Levels and vault maps discovered:
D:1:      minmay_arrival_loop, layout_loops_ring, basic_ecumenical_altar
D:2:      layout_loops_ring, uniq_sigmund, uniq_crazy_yiuf_cottage

Skill      XL: |  1  2  3  4  5  6 |
---------------+-------------------+-----
Axes           | 2 3 |  3.6
Translocations | 1 2 |  2.0
Fighting       | 4 |  4.1
Armour         | 4 |  4.1
Shields        | 4 |  4.2
Dodging        | |  0.5

Action                   |  1- 3 |  4- 6 || total
-------------------------+-------+-------++-------
Melee: War axe           |    77 |    76 ||   153
  Use: Scroll            |     2 |     3 ||     5
       Potion            |       |     3 ||     3
Armor: Scale mail        |    44 |       ||    44
       Chain mail        |     9 |    35 ||    44
Dodge: Dodged            |    31 |    21 ||    52
Block: Kite shield       |    59 |    46 ||   105

Table legend: (Time is in decaauts)
 A = Elapsed time spent in this place.
 B = Non-inter-level travel time spent in this place.
 C = Inter-level travel time spent in this place.
 D = Time resting spent in this place.
 E = Time spent auto-exploring this place.
 F = Levels seen in this place.
 G = Mean time per level.
                   A        B        C        D        E       F      G
               +--------+--------+--------+--------+--------+-----+--------+
         Total |   2800 |   2786 |     14 |    722 |   1598 |   2 | 1400.0 |
       Dungeon |   2800 |   2786 |     14 |    722 |   1598 |   2 | 1400.0 |
               +--------+--------+--------+--------+--------+-----+--------+

Top non-repeatable levels by time:
     D:1: 1916 daAuts
     D:2: 884 daAuts
